 Dungeon Crawl Stone Soup version 0.28-a0-172-g787e458d71 (webtiles) character file.

Game seed: 14187428087465774402

196 Anon1729 the Skirmisher (level 5, 0/47 HPs)
             Began as a Minotaur Monk on Aug 16, 2021.
             Was a Plaything of Xom.
             Slain by an orc wizard (2 damage)
             ... on level 3 of the Dungeon.
             The game lasted 00:03:13 (3059 turns).

Anon1729 the Skirmisher (Minotaur Monk)             Turns: 3059, Time: 00:03:14

Health: 0/47       AC:  2    Str: 17    XL:     5   Next: 45%
Magic:  4/4        EV: 13    Int:  7    God:    Xom [..*...]
Gold:   87         SH:  0    Dex: 12    Spells: 4/4 levels left

rFire   + . .      SeeInvis .   a - +0 falchion
rCold   + . .      Faith    .   (no shield)
rNeg    . . .      Spirit   .   b - +0 robe
rPois   +          Reflect  .   (helmet restricted)
rElec   +          Harm     .   (no cloak)
rCorr   +          Rampage  .   (no gloves)
Will    .....                   (no boots)
Stlth   ++........              (no amulet)
HPRegen 0.15/turn               (no ring)
MPRegen 0.09/turn               (no ring)

@: resistant, attractive
A: horns 2, retaliatory headbutt
a: Renounce Religion


You were on level 3 of the Dungeon.
You worshipped Xom.
You were a toy of Xom.
You visited 1 branch of the dungeon, and saw 3 of its levels.

You collected 87 gold pieces.

Inventory:

Hand Weapons
 a - a +0 falchion (weapon)
Missiles
 l - 7 poisoned darts (quivered)
Armour
 b - a +0 robe (worn)
Jewellery
 e - a ring of magical power
 j - an amulet of reflection
Scrolls
 c - 2 scrolls of identify {unknown}
 d - 2 scrolls of blinking {unknown}
 g - a scroll of fog {unknown}
 i - a scroll of noise {unknown}
 k - a scroll of immolation {unknown}


   Skills:
 + Level 4.9 Fighting
 + Level 4.8 Long Blades
 + Level 2.7 Armour
 + Level 4.4 Dodging
 - Level 1.8 Stealth


You had 4 spell levels left.
You didn't know any spells.
Your spell library was empty.

Dungeon Overview and Level Annotations

Branches:
Dungeon (3/15)

Altars:
Gozag
Xom


Innate Abilities, Weirdness & Mutations

You have a pair of horns on your head.
You reflexively headbutt those who attack you in melee.


Message History

The magic dart hits you!
You miss the orc wizard. Your headbutt misses the orc wizard.
The orc wizard is almost dead.
Something hits you but does no damage.
The orc wizard gestures at you while chanting.
The puff of flame hits you!
* * * LOW HITPOINT WARNING * * *
You slash the orc wizard!
You kill the orc wizard!
Something hits you.
* * * LOW HITPOINT WARNING * * *
Okay, then.
Unknown command.
You aren't carrying any items that you can evoke.
Unknown command.
It was a potion of resistance.
You feel protected.
Xom thinks this is hilarious!
Something hits you but does no damage.
It was a potion of attraction.
You feel attractive to monsters.
Xom roars with laughter!
Something hits you.
* * * LOW HITPOINT WARNING * * *
It was a potion of curing.
You feel better. Something hits you.
* * * LOW HITPOINT WARNING * * *
You closely miss something.
You hear some strange, mumbled words.
A puff of flame appears from out of thin air!
The puff of flame hits you. You resist.
* * * LOW HITPOINT WARNING * * *
You slash something! Something hits you but does no damage.
You miss something. You headbutt something. Something hits you.
* * * LOW HITPOINT WARNING * * *
You miss something. Something hits you.
* * * LOW HITPOINT WARNING * * *
You closely miss something. Something barely misses you.
You miss something. You headbutt something. Something hits you.
You die... "I guess I need a new plaything now."

#.##......#.......# #.##.#.#####
#.##............#.# #......####.
#....(#.........######+##........
#.....##.##......# #....##....##.
.........##..#...# #......##.....
####.....##..<...# #...........#.
##....##......# #......#....<.
####....###...{.# #......#..#.##
#......###....)@# #....###....#.
###..#.##.....### #....# #...###
#..#)##.....# #....# #..รท...
#..#.##.....# #....# #......
####..'.....# #....# #####.#
####.....# ###### #...... #######
#.###.# #.# #.# ##### #.# #..


There were no monsters in sight!

Vanquished Creatures
  2 orc priests (D:1)
  2 orc wizards
  4 adders (D:2)
  A worm (D:2)
  2 dart slugs
  An orc (D:2)
  4 ball pythons
  5 bats
  An endoplasm (D:1)
  2 giant cockroaches
  5 goblins
  3 hobgoblins
  A quokka (D:3)
  3 frilled lizards (D:1)
  4 kobolds
  11 rats
51 creatures vanquished.

Notes
Turn   | Place    | Note
-------+----------+-------------------------------------------
     0 | D:1      | Anon1729 the Minotaur Monk began the quest for the Orb.
     0 | D:1      | Reached XP level 1. HP: 19/19 MP: 0/0
   382 | D:1      | Reached XP level 2. HP: 27/27 MP: 1/1
   387 | D:1      | Found a faded altar of an unknown god.
   407 | D:1      | Became a worshipper of Xom of Chaos
   640 | D:1      | XOM: divination: detect creatures
   710 | D:1      | XOM: divination: detect creatures
   954 | D:1      | XOM: silly message
  1040 | D:1      | XOM: butterfly on damage
  1043 | D:1      | Reached skill level 1 in Armour
  1043 | D:1      | Reached XP level 3. HP: 13/33 MP: 2/2
  1224 | D:2      | XOM: confuse monster(s)
  1229 | D:1      | Reached XP level 4. HP: 41/41 MP: 3/3
  1231 | D:2      | XOM: potion effect (invisibility)
  1664 | D:2      | XOM: silly message
  1909 | D:2      | XOM: silly message
  1911 | D:2      | XOM: cast spell 'Olgreb's Toxic Radiance'
  1916 | D:2      | HP: 2/41 [poisoned by an adder]
  1918 | D:2      | Reached XP level 5. HP: 2/47 MP: 4/4
  2305 | D:3      | Found an opulent altar of Gozag.
  2391 | D:3      | XOM: divination: detect creatures
  2810 | D:2      | XOM: silly message
  2851 | D:2      | XOM: potion effect (haste)
  3024 | D:3      | XOM: divination: detect creatures
  3035 | D:2      | XOM: silly message
  3057 | D:3      | HP: 2/47 [something (2)]
  3059 | D:3      | Slain by an orc wizard

Illustrated notes

Levels and vault maps discovered:
D:1:      dpeg_arrival_ternary, layout_basic,
          chequers_ecumenical_altar_simple_redux
D:2:      layout_rooms, minmay_rat_gold_closets
D:3:      layout_basic, grunt_gozag_breadcrumbs

Skill      XL: |  1  2  3  4 |
---------------+-------------+-----
Fighting       | 4 |  4.9
Long Blades    | 4 |  4.8
Armour         | 1 2 |  2.7
Dodging        | 4 |  4.4
Stealth        | |  1.8

Action                   |  1- 3 |  4- 6 || total
-------------------------+-------+-------++-------
Melee: Falchion          |    47 |    65 ||   112
       Headbutt          |     8 |    11 ||    19
  Use: Potion            |       |     3 ||     3
 Stab: Sleeping          |     6 |     6 ||    12
       Invisible         |       |     1 ||     1
Armor: Robe              |     4 |    10 ||    14
Dodge: Dodged            |    32 |    52 ||    84
       Rpst.: Falchion   |     9 |     9 ||    18

Table legend: (Time is in decaauts)
 A = Elapsed time spent in this place.
 B = Non-inter-level travel time spent in this place.
 C = Inter-level travel time spent in this place.
 D = Time resting spent in this place.
 E = Time spent auto-exploring this place.
 F = Levels seen in this place.
 G = Mean time per level.
                   A        B        C        D        E       F      G
               +--------+--------+--------+--------+--------+-----+--------+
         Total |   3054 |   3011 |     43 |    862 |   1762 |   3 | 1018.0 |
       Dungeon |   3054 |   3011 |     43 |    862 |   1762 |   3 | 1018.0 |
               +--------+--------+--------+--------+--------+-----+--------+

Top non-repeatable levels by time:
     D:1: 1229 daAuts
     D:3: 1051 daAuts
     D:2: 773 daAuts
